Map: Efflorescence LE

Players

Basschimp

  • Race: Zerg Zerg
  • Spawn Location: 6:00

Mackerel

  • Race: Terran Terran
  • Spawn Location: 9:00

Massa - Winner!

  • Race: Terran Terran
  • League: Platinum
  • Spawn Location: 12:00

qqq - Winner!

  • Race: Zerg Zerg
  • League: Platinum
  • Spawn Location: 3:00

VOD

Have the link to the VOD?

Description

Time

  • Played on: Dec. 11, 2020, 5:23 p.m.
  • Length: 5:48
Show
View Real Time Build Order
Export as new Build Order

Basschimp Zerg 

Build Orders: Pool First 

Get SALT Encoding   

  12  0:04  Drone  
  13  0:09  Drone  
  14  0:18  Overlord  
  14  0:37  Drone x2  
  14  0:38  Drone  
  17  0:46  Extractor  
  17  0:49  Spawning Pool  
  15  0:52  Drone  
  16  1:00  Drone  
  17  1:19  Hatchery  
  16  1:36  Zergling x6  
  19  1:50  Metabolic Boost  
  19  1:51  Queen  
  21  2:03  Drone  
  21  2:04  Overlord  
  22  2:23  Drone x2  
  24  2:39  Drone  
  24  2:43  Queen  
  27  2:44  Queen  
  27  2:45  Drone x2  
  31  3:01  Drone  
  31  3:02  Drone  
  31  3:03  Baneling Nest  
  32  3:15  Drone x3  
  32  3:17  Drone  
  32  3:18  Overlord  
  36  3:30  Extractor  
  35  3:40  Zergling x2  
  35  3:41  Zergling x10  
  41  3:47  Spine Crawler  
  40  3:49  Spine Crawler  
  40  3:53  Baneling  
  40  3:54  Baneling  
  39  3:58  Spine Crawler  
  38  4:07  Overlord  
  38  4:08  Overlord  
  30  4:21  Zergling x2  
  24  4:24  Queen  
  24  4:28  Zergling x4  
  24  4:29  Zergling x2  
  24  4:30  Zergling x4  
  31  4:38  Spine Crawler  
  30  4:41  Baneling  
  24  4:56  Zergling x10  
  24  4:58  Drone  
  15  5:13  Spawning Pool  
  8  5:24  Baneling x2  
  8  5:25  Baneling  
Show
View Real Time Build Order
Export as new Build Order

Mackerel Terran 

Build Orders: Reaper Expand 

Get SALT Encoding   

  12  0:00  SCV  
  13  0:12  SCV  
  14  0:19  Supply Depot  
  14  0:24  SCV  
  15  0:40  SCV  
  15  0:42  Barracks  
  16  0:46  Refinery  
  16  0:55  SCV  
  17  1:07  SCV  
  18  1:19  SCV  
  19  1:30  Reaper  
  20  1:33  Orbital Command  
  20  1:54  Command Center  
  20  2:02  SCV  
  20  2:03  Refinery  
  21  2:10  Factory  
  21  2:16  SCV  
  21  2:21  Supply Depot  
  22  2:29  Barracks Reactor, SCV  
  23  2:43  SCV  
  23  2:44  Barracks  
  24  2:56  Factory Tech Lab  
  24  2:59  SCV  
  24  3:00  Starport  
  25  3:12  Orbital Command  
  25  3:15  Refinery  
  25  3:16  SCV  
  26  3:22  Marine  
  26  3:23  Marine  
  28  3:35  Barracks Tech Lab  
  28  3:36  SCV  
  28  3:37  Starport Tech Lab  
  28  3:40  Marine x2  
  31  3:47  Siege Tank  
  34  3:50  SCV  
  34  3:54  Combat Shield  
  35  3:56  Marine  
  35  4:00  Marine  
  37  4:08  Marine  
  38  4:13  Marine  
  39  4:18  Marine  
  39  4:26  Marine  
  40  4:31  Marine  
  40  4:36  Marine  
  34  4:43  Medivac  
  34  4:44  SCV, Marine  
  37  4:46  SCV  
  37  4:49  Marine, Supply Depot  
  39  4:53  Marine  
  39  4:57  SCV  
  41  5:02  Marine  
  42  5:07  Marine  
  42  5:11  Marine  
  42  5:13  Medivac  
  43  5:14  Siege Tank  
  43  5:17  SCV x2  
  43  5:19  Marine  
  46  5:25  Marine  
  46  5:29  Marine  
  46  5:30  SCV x2  
  46  5:34  Supply Depot  
Show
View Real Time Build Order
Export as new Build Order

Massa Terran - Winner!

Build Orders:  

Get SALT Encoding   

  12  0:00  SCV  
  13  0:12  SCV  
  14  0:18  Supply Depot  
  14  0:24  SCV  
  15  0:39  SCV  
  15  0:41  Barracks  
  16  0:51  SCV  
  16  0:55  Supply Depot  
  17  1:02  Barracks  
  17  1:05  SCV  
  18  1:12  Refinery  
  18  1:18  SCV  
  19  1:26  Barracks  
  19  1:30  SCV  
  20  1:34  Marine  
  21  1:46  SCV  
  22  1:49  Marine  
  23  1:55  Reaper, Supply Depot  
  24  2:04  Orbital Command  
  24  2:10  Marine  
  24  2:13  Barracks Tech Lab  
  25  2:23  Supply Depot  
  25  2:27  Marine  
  25  2:28  Marine  
  27  2:34  Marauder  
  29  2:44  Marine  
  30  2:55  Marauder, Marine  
  33  2:59  Stimpack  
  33  3:02  Marine  
  33  3:05  Supply Depot  
  34  3:13  Marine  
  34  3:16  Supply Depot  
  34  3:17  Marauder  
  37  3:20  Marine  
  38  3:31  Marine  
  39  3:38  Marauder, Marine  
  41  3:49  Marine  
  42  3:56  Marine  
  42  4:00  Marauder  
  45  4:06  Marine  
  46  4:21  Marauder  
  47  4:27  Marine  
  45  4:36  Marine  
  46  4:42  Marauder  
  46  4:44  Marine  
  48  4:54  Marine  
  48  5:04  Marauder  
  49  5:18  Marine x2  
  50  5:25  Marauder  
Show
View Real Time Build Order
Export as new Build Order

qqq Zerg - Winner!

Build Orders: Hatch First, Zergling Baneling 

Get SALT Encoding   

  12  0:07  Drone  
  12  0:10  Drone  
  14  0:19  Overlord  
  14  0:46  Hatchery  
  13  0:51  Drone  
  14  1:05  Drone x3  
  14  1:10  Extractor  
  16  1:23  Spawning Pool  
  15  1:27  Drone  
  16  1:33  Drone  
  17  1:47  Drone  
  17  1:57  Drone  
  18  2:09  Zergling x2  
  18  2:11  Zergling x2  
  18  2:12  Zergling x4  
  18  2:14  Queen  
  24  2:19  Baneling Nest  
  24  2:22  Zergling x2  
  24  2:23  Zergling x2  
  25  2:39  Queen  
  25  2:41  Drone  
  28  2:44  Overlord  
  28  2:54  Metabolic Boost  
  28  3:03  Drone  
  29  3:06  Drone  
  29  3:07  Baneling x2  
  29  3:09  Drone  
  29  3:11  Drone  
  32  3:14  Drone  
  32  3:19  Zergling x2  
  34  3:24  Overlord  
  34  3:34  Zergling x2  
  34  3:35  Zergling x2  
  34  3:37  Overlord  
  36  3:43  Zergling x2  
  36  3:47  Baneling x4  
  37  3:50  Zergling x2  
  37  3:52  Zergling x2  
  39  4:08  Zergling x8  
  36  4:24  Zergling x2  
  36  4:26  Zergling x2  
  36  4:27  Zergling x6  
  36  4:30  Baneling x2  
  38  4:42  Zergling x8  
  38  4:44  Zergling x6  
  42  5:00  Zergling x2  
  42  5:01  Drone  
  42  5:03  Drone  
  42  5:15  Zergling x2  
  42  5:17  Drone, Zergling x2  
  40  5:23  Zergling x2  
  41  5:28  Extractor, Drone  
Tags
 
Add a new tag
Caveats
  • Supply blocks, unpowered buildings, or Contaminate may cause inaccurate times.
  • Supply counts are checked every 10 seconds.